Map: 썬더버드 - 래더

Players

TSGSolar (Solar)

  • Race: Zerg Zerg
  • League: Diamond
  • Spawn Location: 11:00

llllllllllll (Stats) - Winner!

  • Race: Protoss Protoss
  • League: Master
  • Spawn Location: 5:00

Event: HomeStory Cup XX

VOD

Have the link to the VOD?

Description

Time

  • Played on: Nov. 23, 2019, 4:20 a.m.
  • Length: 8:25

All games in this series

Show
View Real Time Build Order
Export as new Build Order

TSGSolar Zerg 

Build Orders: Hatch First 

Get SALT Encoding   

  12  0:01  Drone  
  13  0:12  Overlord  
  13  0:17  Drone  
  14  0:31  Drone x2  
  16  0:48  Hatchery  
  15  0:51  Drone  
  15  0:54  Drone  
  17  0:58  Drone  
  18  1:05  Extractor  
  17  1:14  Spawning Pool  
  17  1:16  Drone  
  17  1:21  Drone  
  18  1:28  Drone  
  19  1:39  Drone  
  20  1:57  Hatchery  
  20  2:01  Queen  
  21  2:05  Zergling x2  
  22  2:13  Drone  
  22  2:14  Metabolic Boost  
  23  2:20  Zergling x4  
  25  2:27  Zergling x2  
  25  2:29  Overlord  
  26  2:38  Zergling x2  
  26  2:39  Zergling x2  
  28  2:49  Zergling x6  
  31  3:03  Zergling x4  
  33  3:11  Zergling x12  
  39  3:20  Zergling x6  
  42  3:31  Overlord  
  42  3:41  Zergling x2  
  42  3:46  Zergling x2  
  41  3:51  Zergling x14  
  41  3:54  Zergling x2  
  48  3:57  Zergling x2  
  48  4:03  Zergling x4  
  48  4:07  Overlord  
  43  4:18  Drone x3  
  43  4:24  Queen  
  43  4:28  Drone x2  
  46  4:32  Drone  
  46  4:38  Queen  
  45  4:46  Drone x2  
  45  4:48  Drone  
  45  4:51  Queen  
  50  4:55  Overlord  
  50  4:58  Drone  
  51  5:00  Drone  
  51  5:05  Spore Crawler  
  51  5:06  Drone  
  52  5:07  Drone  
  52  5:09  Drone  
  54  5:14  Drone x2  
  54  5:18  Drone  
  54  5:20  Spore Crawler  
  56  5:22  Spore Crawler, Drone  
  56  5:24  Drone  
  56  5:28  Drone x2  
  59  5:29  Drone  
  59  5:35  Overlord  
  60  5:37  Queen  
  59  5:44  Drone x2  
  59  5:45  Drone x2  
  59  5:46  Drone  
  59  5:52  Queen  
  59  5:55  Drone  
  59  5:56  Drone  
  55  5:58  Drone  
  55  5:59  Drone  
  55  6:01  Drone  
  55  6:03  Drone x2  
  60  6:06  Drone  
  60  6:07  Drone  
  62  6:11  Roach Warren  
  62  6:12  Drone  
  62  6:15  Drone x2  
  62  6:17  Drone x2  
  66  6:21  Overlord  
  66  6:22  Drone  
  66  6:23  Drone  
  68  6:28  Extractor x2, Drone x3  
  68  6:30  Queen  
  71  6:35  Lair  
  71  6:36  Drone  
  71  6:39  Drone  
  73  6:40  Extractor  
  73  6:41  Drone x3  
  73  6:45  Drone x3  
  78  6:49  Queen  
  78  6:52  Overlord  
  78  6:53  Overlord  
  80  6:54  Extractor  
  80  6:56  Extractor  
  80  7:00  Drone x2  
  80  7:06  Roach  
  80  7:14  Drone x6  
  81  7:18  Roach x3  
  87  7:25  Overlord  
  87  7:30  Roach  
  87  7:31  Drone x3  
  87  7:33  Overseer  
  87  7:35  Infestation Pit  
  91  7:37  Overlord  
  91  7:40  Roach  
  91  7:43  Overlord  
  93  7:46  Roach  
  93  7:47  Roach  
  93  7:48  Ravager x2  
  93  7:51  Zergling x6  
  102  7:53  Ravager x2  
  102  7:56  Overlord  
  102  7:58  Ravager  
  106  7:59  Overlord  
  106  8:00  Roach x2  
  106  8:01  Roach  
Show
View Real Time Build Order
Export as new Build Order

llllllllllll Protoss - Winner!

Build Orders: 1 Gate Expand, Oracle Opening, Zealot Archon 

Get SALT Encoding   

  12  0:00  Probe  
  13  0:12  Probe  
  14  0:19  Pylon  
  14  0:25  Probe  
  15  0:33  Probe  
  15  0:38  Gateway  
  15  0:41  Probe  
  16  0:47  Assimilator  
  17  0:51  Probe  
  18  1:04  Probe  
  19  1:16  Probe  
  20  1:25  Nexus  
  20  1:33  Cybernetics Core  
  20  1:37  Probe  
  21  1:42  Assimilator  
  21  1:49  Probe  
  21  1:52  Pylon  
  23  2:01  Probe  
  23  2:10  Adept  
  23  2:13  Probe  
  26  2:18  Stargate  
  26  2:22  Probe  
  26  2:26  Warp Gate  
  27  2:30  Probe  
  27  2:34  Probe  
  28  2:39  Probe  
  28  2:40  Stalker  
  28  2:42  Probe  
  33  2:52  Probe x2  
  33  2:55  Oracle  
  35  3:04  Pylon, Probe x2  
  40  3:13  Gateway  
  40  3:16  Probe x2  
  42  3:24  Gateway  
  42  3:26  Oracle  
  42  3:28  Pylon  
  42  3:31  Pylon  
  42  3:40  Shield Battery  
  45  3:44  Probe x2  
  47  3:49  Pylon  
  47  3:54  Gateway  
  47  4:03  Gateway  
  47  4:11  Gateway  
  47  4:13  Probe x2  
  47  4:15  Zealot x2  
  53  4:19  Pylon  
  53  4:20  Cybernetics Core  
  53  4:25  Probe x2  
  53  4:29  Pylon  
  55  4:36  Pylon  
  55  4:37  Pylon  
  55  4:38  Oracle  
  58  4:47  Probe x2  
  58  4:51  Zealot  
  62  4:55  Pylon  
  62  4:56  Assimilator x2  
  62  4:58  Pylon  
  62  5:00  Probe x2  
  62  5:06  Robotics Facility  
  64  5:15  Adept, Sentry x2  
  70  5:23  Forge  
  70  5:25  Twilight Council  
  70  5:38  Adept  
  70  5:39  Sentry, Zealot  
  76  5:44  Protoss Ground Weapons Level 1  
  76  5:46  Warp Prism  
  73  6:01  Charge  
  75  6:05  Zealot x3  
  81  6:14  Immortal  
  81  6:18  Nexus  
  81  6:24  Pylon  
  85  6:34  Gateway  
  85  6:36  Gateway  
  85  6:37  Templar Archives  
  85  6:41  Gateway  
  85  6:42  Gateway  
  85  6:43  Immortal  
  89  6:55  Pylon  
  89  6:58  Probe  
  89  6:59  Probe, Gateway  
  91  7:16  High Templar x2, Zealot  
  97  7:25  Archon  
  97  7:31  Probe  
  97  7:32  Probe x2  
  100  7:38  Pylon x2  
  100  7:47  Probe x3  
  100  7:48  Zealot  
  105  7:54  Observer, High Templar x4  
  105  7:55  Zealot x2  
  105  7:57  Zealot  
  105  7:58  Archon x2  
  119  8:03  Probe x3  
  119  8:04  Assimilator  
  123  8:08  Assimilator  
  123  8:12  Pylon  
Tags
 
Add a new tag
Caveats
  • Supply blocks, unpowered buildings, or Contaminate may cause inaccurate times.
  • Supply counts are checked every 10 seconds.